Map: Dusk Towers

Players

ILLBdA

  • Race: Protoss Protoss
  • League: Diamond

이성우 - Winner!

  • Race: Protoss Protoss
  • League: Diamond

VOD

Have the link to the VOD?

Description

Time

  • Played on: Dec. 30, 2015, 6 a.m.
  • Length: 7:48
Show
View Real Time Build Order
Export as new Build Order

ILLBdA Protoss 

Build Orders: Oracle Opening 

Get SALT Encoding   

  12  0:01  Probe (Chrono Boost)  
  13  0:11  Probe (Chrono Boost)  
  14  0:18  Pylon  
  14  0:22  Probe (Chrono Boost)  
  15  0:37  Probe (Chrono Boost), Gateway  
  16  0:47  Probe (Chrono Boost)  
  16  0:48  Assimilator  
  17  0:53  Assimilator  
  17  0:58  Probe (Chrono Boost)  
  18  1:08  Probe (Chrono Boost)  
  18  1:09  Gateway  
  19  1:19  Probe (Chrono Boost)  
  20  1:26  Cybernetics Core  
  20  1:29  Probe (Chrono Boost)  
  21  1:40  Probe (Chrono Boost), Pylon  
  22  1:50  Probe (Chrono Boost)  
  23  2:01  Probe (Chrono Boost)  
  24  2:03  Stalker x2, Warp Gate (Chrono Boost)  
  28  2:12  Pylon  
  29  2:20  Probe  
  29  2:32  Stalker, Gateway  
  29  2:36  Stalker  
  34  2:56  Stargate  
  33  3:09  Pylon  
  33  3:13  Pylon  
  33  3:18  Probe  
  33  3:32  Mothership Core  
  33  3:34  Nexus  
  35  3:38  Oracle (Chrono Boost)  
  36  4:03  Stalker x3  
  42  4:10  Probe  
  43  4:24  Forge  
  43  4:25  Pylon  
  43  4:30  Phoenix (Chrono Boost)  
  45  4:44  Probe  
  44  4:51  Phoenix (Chrono Boost)  
  46  4:59  Protoss Ground Weapons Level 1 (Chrono Boost)  
  43  5:02  Probe  
  43  5:03  Photon Cannon  
  44  5:07  Probe  
  45  5:14  Probe  
  46  5:29  Stargate  
  46  5:33  Assimilator  
  46  5:34  Pylon, Assimilator  
  46  5:44  Phoenix  
  46  5:45  Probe x2  
  50  5:57  Probe x2 (Chrono Boost)  
  50  6:01  Photon Cannon  
  52  6:08  Probe (Chrono Boost)  
  52  6:09  Probe (Chrono Boost)  
  54  6:12  Phoenix (Chrono Boost)  
  56  6:19  Phoenix (Chrono Boost)  
  58  6:35  Phoenix (Chrono Boost)  
  60  6:40  Phoenix (Chrono Boost)  
  60  6:42  Probe x2  
  64  6:52  Twilight Council  
  64  6:53  Pylon  
  64  6:59  Phoenix (Chrono Boost)  
  66  7:02  Phoenix (Chrono Boost)  
  64  7:20  Phoenix (Chrono Boost)  
  56  7:25  Adept, Phoenix (Chrono Boost)  
  56  7:26  Adept x2  
Show
View Real Time Build Order
Export as new Build Order

이성우 Protoss - Winner!

Build Orders: 1 Gate Expand 

Get SALT Encoding   

  12  0:02  Probe (Chrono Boost)  
  13  0:12  Probe (Chrono Boost)  
  14  0:17  Pylon  
  14  0:23  Probe (Chrono Boost)  
  16  0:35  Probe (Chrono Boost)  
  16  0:37  Gateway  
  16  0:44  Assimilator  
  16  0:48  Probe (Chrono Boost)  
  17  0:59  Probe (Chrono Boost)  
  18  1:10  Probe (Chrono Boost)  
  19  1:26  Nexus  
  19  1:40  Cybernetics Core  
  19  1:43  Assimilator  
  19  1:50  Pylon  
  19  1:53  Probe (Chrono Boost)  
  20  2:04  Probe (Chrono Boost)  
  21  2:16  Gateway  
  21  2:17  Mothership Core (Chrono Boost)  
  21  2:20  Warp Gate  
  23  2:27  Pylon  
  23  2:35  Adept  
  25  2:44  Probe (Chrono Boost)  
  26  2:54  Robotics Facility  
  27  2:58  Probe (Chrono Boost)  
  27  3:06  Adept  
  29  3:17  Adept  
  29  3:19  Probe (Chrono Boost)  
  32  3:26  Gateway  
  32  3:36  Stargate  
  32  3:40  Probe (Chrono Boost)  
  33  3:48  Stalker  
  35  3:54  Probe (Chrono Boost)  
  36  3:56  Probe (Chrono Boost)  
  37  4:07  Probe x2 (Chrono Boost)  
  39  4:11  Pylon  
  41  4:18  Probe (Chrono Boost)  
  41  4:19  Phoenix (Chrono Boost)  
  42  4:30  Probe x2 (Chrono Boost)  
  43  4:38  Stalker  
  46  4:41  Probe  
  46  4:43  Phoenix (Chrono Boost)  
  47  4:54  Probe  
  45  5:04  Probe  
  45  5:05  Phoenix (Chrono Boost)  
  48  5:10  Stalker  
  48  5:13  Stalker  
  52  5:15  Probe  
  53  5:25  Probe  
  54  5:35  Pylon  
  54  5:40  Pylon  
  54  5:51  Probe  
  54  5:53  Immortal, Phoenix (Chrono Boost)  
  61  5:59  Stalker  
  61  6:00  Stalker x2  
  61  6:02  Probe  
  67  6:18  Assimilator  
  67  6:21  Phoenix (Chrono Boost)  
  67  6:23  Pylon  
  69  6:26  Assimilator  
  69  6:35  Probe  
  70  6:41  Immortal  
  70  6:43  Phoenix (Chrono Boost)  
  70  6:44  Probe  
  70  6:45  Pylon  
  77  6:57  Probe  
  77  7:00  Pylon  
  78  7:05  Phoenix (Chrono Boost)  
  80  7:09  Pylon  
  68  7:27  Stalker x3  
Tags
 
Add a new tag
Caveats
  • Supply blocks, unpowered buildings, or Contaminate may cause inaccurate times.
  • Supply counts are checked every 10 seconds.